[Event "FIDE WYCC Open U14 2023"]
[Site "Montesilvano"]
[Date "2023.11.23"]
[Round "10.24"]
[White "Myagmarsuren, Evsuld"]
[Black "Fan, Jingyi"]
[Result "1/2-1/2"]
[ECO "B47"]
[WhiteElo "2150"]
[BlackElo "2035"]
[Annotator "RC"]
[PlyCount "64"]
[EventDate "2023.11.13"]
[EventType "swiss"]
[EventCountry "ITA"]
[SourceTitle "playchess.com"]
[Source "ChessBase"]
[SourceQuality "1"]
[TimeControl "40/5400+30:1800+30"]

1. e4 c5 2. Nf3 e6 3. d4 cxd4 4. Nxd4 Nc6 5. Nc3 Qc7 6. g3 a6 7. Bg2 Nf6 8. O-O d6 9. Re1 Nxd4 10. Qxd4 Bd7 11. Bg5 Be7 12. Rad1 Rc8 13. e5 dxe5 14. Rxe5 O-O 15. Bf4 Qc4 16. Bxb7 Qxd4 17. Rxd4 Rb8 18. Bxa6 Rxb2 19. Bd3 Rc8 20. Bc1 Rbb8 21. Ne2 Rb1 22. Kg2 Bc6+ 23. f3 Nd7 24. Ra5 Bf6 25. Rc4 Ne5 26. Rcc5 Nd7 27. Rc4 Ne5 28. Rcc5 Nd7 29. Rc4 Ne5 30. Rcc5 Nd7 31. Rc4 Ne5 32. Rcc5 Nd7 1/2-1/2

[Event "FIDE WYCC Open U14 2023"]
[Site "Montesilvano"]
[Date "2023.11.23"]
[Round "10.25"]
[White "Arnold, Rhys"]
[Black "Schuricht, Emil Frederick"]
[Result "0-1"]
[ECO "B10"]
[WhiteElo "2146"]
[BlackElo "1998"]
[Annotator "NA RC"]
[PlyCount "100"]
[EventDate "2023.11.13"]
[EventType "swiss"]
[EventCountry "ITA"]
[SourceTitle "playchess.com"]
[Source "ChessBase"]
[SourceQuality "1"]
[TimeControl "40/5400+30:1800+30"]

1. e4 c6 2. Nf3 d5 3. Nc3 dxe4 4. Nxe4 Nf6 5. Qe2 Nxe4 6. Qxe4 Nd7 7. d4 Nf6 8. Qf4 Qa5+ 9. Bd2 Qf5 10. Bd3 Qxf4 11. Bxf4 g6 12. a4 Nd5 13. Bd2 Bf5 14. Bxf5 gxf5 15. O-O Bg7 16. Rfe1 e6 17. a5 a6 18. c4 Nf6 19. Bb4 Ne4 20. Rad1 O-O-O 21. Ba3 Rd7 22. Ne5 Bxe5 23. dxe5 Rhd8 24. Rc1 Rd2 25. Rf1 Re2 26. Rfe1 Rxe1+ 27. Rxe1 Nd2 28. Bb4 Nxc4 29. Bc3 Rd5 30. f3 Nxa5 31. g4 fxg4 32. fxg4 Nc4 33. Re4 b5 34. g5 Kd7 35. Rh4 Nxe5 36. Rxh7 Nf3+ 37. Kg2 Nxg5 38. Rg7 Ke7 39. h4 Ne4 40. Ba5 Kf6 41. Rg8 Rf5 42. b4 c5 43. bxc5 Nxc5 44. Bc3+ e5 45. Rc8 Ne6 46. Rc6 Rf4 47. Ba5 Kf5 48. h5 Ra4 49. h6 Kg6 50. Rxa6 b4 0-1

[Event "FIDE WYCC Open U14 2023"]
[Site "Montesilvano"]
[Date "2023.11.23"]
[Round "10.26"]
[White "George Micheal, Kevin"]
[Black "Nainys, Zanas"]
[Result "*"]
[WhiteElo "2317"]
[BlackElo "1974"]
[Annotator "RC"]
[PlyCount "46"]
[EventDate "2023.11.13"]
[EventType "swiss"]
[EventCountry "ITA"]
[SourceTitle "playchess.com"]
[Source "ChessBase"]
[SourceQuality "1"]
[TimeControl "40/5400+30:1800+30"]

1. e4 Nc6 2. d4 d5 3. e5 f6 4. f4 Bf5 5. c3 e6 6. Bd3 Nh6 7. Nf3 Be7 8. O-O O-O 9. Qe2 Qd7 10. Nbd2 fxe5 11. fxe5 Bxd3 12. Qxd3 b6 13. Nb3 Nf5 14. Bd2 Nd8 15. Nc1 c5 16. Ne2 Nc6 17. Rf2 Rf7 18. Raf1 Raf8 19. g3 Na5 20. Bg5 Qd8 21. Nf4 c4 22. Qb1 Qd7 23. Bxe7 Rxe7 *

[Event "FIDE WYCC Open U14 2023"]
[Site "Montesilvano"]
[Date "2023.11.23"]
[Round "10.27"]
[White "Tenuunbold, Battulga"]
[Black "Bochniak, Franciszek"]
[Result "1-0"]
[ECO "A50"]
[WhiteElo "2290"]
[BlackElo "1954"]
[Annotator "RC"]
[PlyCount "81"]
[EventDate "2023.11.13"]
[EventType "swiss"]
[EventCountry "ITA"]
[SourceTitle "playchess.com"]
[Source "ChessBase"]
[SourceQuality "1"]
[TimeControl "40/5400+30:1800+30"]

1. d4 Nf6 2. c4 b6 3. f3 Nc6 4. Nc3 e5 5. d5 Ne7 6. e4 Ng6 7. Nge2 Bc5 8. h4 Nh5 9. Bg5 Be7 10. Bxe7 Qxe7 11. d6 cxd6 12. g4 Nhf4 13. h5 Nxe2 14. Nd5 Qd8 15. Bxe2 Nf8 16. Ne3 g6 17. hxg6 fxg6 18. Qxd6 Qe7 19. c5 bxc5 20. Qd5 Rb8 21. Nc4 Kd8 22. O-O-O Bb7 23. Qd2 Ne6 24. Qa5+ Ke8 25. Nd6+ Kf8 26. Qxa7 Kg7 27. Nxb7 d6 28. Ba6 Nc7 29. Nxd6 Ra8 30. Qxc5 Qg5+ 31. Kb1 Nxa6 32. Nf5+ Qxf5 33. Qc6 Qf7 34. Rd7 Ra7 35. Rxf7+ Kxf7 36. Qb6 Raa8 37. Qb7+ Kf6 38. g5+ Ke6 39. Rc1 Rhd8 40. Rc6+ Rd6 41. Qxa8 1-0

[Event "FIDE WYCC Open U14 2023"]
[Site "Montesilvano"]
[Date "2023.11.23"]
[Round "10.28"]
[White "Radzimski, Antoni"]
[Black "Balint, Peter"]
[Result "*"]
[ECO "E46"]
[WhiteElo "1904"]
[BlackElo "2256"]
[Annotator "RC"]
[PlyCount "63"]
[EventDate "2023.11.13"]
[EventType "swiss"]
[EventCountry "ITA"]
[SourceTitle "playchess.com"]
[Source "ChessBase"]
[SourceQuality "1"]
[TimeControl "40/5400+30:1800+30"]

1. d4 Nf6 2. c4 e6 3. Nc3 Bb4 4. e3 O-O 5. Bd3 d5 6. a3 Bxc3+ 7. bxc3 dxc4 8. Bxc4 c5 9. Ne2 Qc7 10. Bd3 Nc6 11. O-O e5 12. f4 exd4 13. cxd4 cxd4 14. e4 Nd7 15. Qc2 b6 16. Nxd4 Nc5 17. Nxc6 Nxd3 18. Qxd3 Qxc6 19. e5 Bb7 20. Rf2 Rad8 21. Qe2 f5 22. Bb2 Qe6 23. Rc1 Be4 24. Qe1 Rd5 25. Rd2 Rfd8 26. Rcd1 Qg6 27. g3 Qg4 28. Rxd5 Rxd5 29. Rxd5 Bxd5 30. Qc3 Qd1+ 31. Kf2 Be6 32. Qc6 *

[Event "FIDE WYCC Open U14 2023"]
[Site "Montesilvano"]
[Date "2023.11.23"]
[Round "10.29"]
[White "Sharshenbekov, Emir"]
[Black "Sodbilegt, Naranbold"]
[Result "0-1"]
[ECO "B26"]
[WhiteElo "1893"]
[BlackElo "2151"]
[Annotator "RC"]
[PlyCount "64"]
[EventDate "2023.11.13"]
[EventType "swiss"]
[EventCountry "ITA"]
[SourceTitle "playchess.com"]
[Source "ChessBase"]
[SourceQuality "1"]
[TimeControl "40/5400+30:1800+30"]

1. e4 c5 2. Nc3 Nc6 3. g3 g6 4. Bg2 Bg7 5. d3 d6 6. Be3 Rb8 7. Nf3 Nf6 8. h3 O-O 9. O-O b5 10. Re1 e5 11. a3 Nd4 12. Kh2 Ne8 13. b4 Nc7 14. Nb1 f5 15. c3 Nxf3+ 16. Bxf3 f4 17. Bd2 Ne6 18. Bg2 Qf6 19. a4 a6 20. axb5 axb5 21. bxc5 Nxc5 22. Bc1 Be6 23. Ra3 Bh6 24. Kh1 b4 25. cxb4 Rxb4 26. Bd2 Rb2 27. d4 Nb3 28. Bc3 Rxf2 29. dxe5 dxe5 30. Rxb3 fxg3 31. Rg1 Bxh3 32. Bxe5 Bxg2+ 0-1

[Event "FIDE WYCC Open U14 2023"]
[Site "Montesilvano"]
[Date "2023.11.23"]
[Round "10.30"]
[White "Lira, Suan Bruno Fernandes"]
[Black "Farias, David Nuno M E"]
[Result "1-0"]
[ECO "D86"]
[WhiteElo "1858"]
[BlackElo "2149"]
[Annotator "NA RC"]
[PlyCount "97"]
[EventDate "2023.11.13"]
[EventType "swiss"]
[EventCountry "ITA"]
[SourceTitle "playchess.com"]
[Source "ChessBase"]
[SourceQuality "1"]
[TimeControl "40/5400+30:1800+30"]

1. d4 Nf6 2. c4 g6 3. Nc3 d5 4. cxd5 Nxd5 5. e4 Nxc3 6. bxc3 Bg7 7. Bc4 c5 8. Ne2 Nc6 9. Be3 O-O 10. O-O e6 11. Rc1 b6 12. Qd2 Bb7 13. f3 Na5 14. Bd3 Qd7 15. h4 h5 16. e5 Rfc8 17. Bg5 a6 18. Qf4 Nc6 19. Rcd1 cxd4 20. Bf6 Ne7 21. Be4 Nf5 22. Nxd4 Nxd4 23. Rxd4 Qc7 24. Bxg7 Kxg7 25. Qf6+ Kg8 26. Bxg6 fxg6 27. Qxg6+ Qg7 28. Qxg7+ Kxg7 29. Rd7+ Kg6 30. Rxb7 Rxc3 31. Rxb6 Kf5 32. Rb7 Rg8 33. Rf2 Rc4 34. Rf7+ Kxe5 35. Re2+ Kd5 36. Ra7 Ra4 37. Rd7+ Kc5 38. Re7 Rxh4 39. R7xe6 Rc4 40. Rxa6 h4 41. Rh6 Rg3 42. Kf2 Kd5 43. Rhe6 Rg5 44. R6e4 h3 45. Rd2+ Kc5 46. Rxc4+ Kxc4 47. gxh3 Kc3 48. Re2 Kd3 49. Re4 1-0

[Event "FIDE WYCC Open U14 2023"]
[Site "Montesilvano"]
[Date "2023.11.23"]
[Round "10.31"]
[White "Chanturia, Giorgi"]
[Black "Malinowsky, Levi"]
[Result "0-1"]
[ECO "B90"]
[WhiteElo "1668"]
[BlackElo "2135"]
[Annotator "NA RC"]
[PlyCount "62"]
[EventDate "2023.11.13"]
[EventType "swiss"]
[EventCountry "ITA"]
[SourceTitle "playchess.com"]
[Source "ChessBase"]
[SourceQuality "1"]
[TimeControl "40/5400+30:1800+30"]

1. e4 c5 2. Nf3 d6 3. d4 cxd4 4. Nxd4 Nf6 5. Nc3 a6 6. h3 e6 7. g4 Nfd7 8. Bg2 Be7 9. Be3 Qc7 10. Qe2 O-O 11. a4 Nc6 12. O-O-O Na5 13. f4 Nb6 14. Qf2 Nbc4 15. b3 Nxe3 16. Qxe3 Bd7 17. e5 dxe5 18. fxe5 Rac8 19. Rd3 b5 20. axb5 Bxb5 21. Ncxb5 axb5 22. Qe4 Rfd8 23. Kb1 Rd5 24. Re1 Nc4 25. bxc4 bxc4 26. Rde3 Rb8+ 27. Nb3 cxb3 28. Rxb3 Rxb3+ 29. cxb3 Qc3 30. b4 Qb3+ 31. Kc1 Bg5+ 0-1

[Event "FIDE WYCC Open U14 2023"]
[Site "Montesilvano"]
[Date "2023.11.23"]
[Round "10.32"]
[White "Gut, Lionel"]
[Black "Tamer Waguih, Farid"]
[Result "1-0"]
[ECO "B10"]
[WhiteElo "2113"]
[BlackElo "1893"]
[Annotator "NA RC"]
[PlyCount "93"]
[EventDate "2023.11.13"]
[EventType "swiss"]
[EventCountry "ITA"]
[SourceTitle "playchess.com"]
[Source "ChessBase"]
[SourceQuality "1"]
[TimeControl "40/5400+30:1800+30"]

1. e4 c6 2. Nf3 d5 3. exd5 cxd5 4. d4 Nf6 5. Ne5 g6 6. c3 Bg7 7. Bd3 O-O 8. O-O Nfd7 9. Re1 Nxe5 10. dxe5 Nd7 11. Bf4 f6 12. exf6 Nxf6 13. Be5 Ng4 14. Bg3 Qb6 15. Qc2 e5 16. h3 e4 17. Bxe4 dxe4 18. hxg4 Bxg4 19. Nd2 Bf5 20. Nc4 Qc5 21. Ne3 Kh8 22. Rad1 Rad8 23. Qb3 Qe7 24. Qb5 b6 25. Rxd8 Qxd8 26. Rd1 Qc8 27. Be5 Qe6 28. Bxg7+ Kxg7 29. Qa4 Rf7 30. Rd4 Qf6 31. Qc2 Qe6 32. a3 Qf6 33. Qd2 Qg5 34. Rd5 Qf6 35. Rd6 Qg5 36. Qd4+ Kh6 37. Qe5 Bg4 38. Qh2+ Kg7 39. Rd5 Bf5 40. Qe5+ Qf6 41. Qg3 Qe6 42. Rd6 Qe8 43. c4 Kf8 44. Qg5 Qe5 45. Rd8+ Kg7 46. Ng4 Qd5 47. Rxd5 1-0

[Event "FIDE WYCC Open U14 2023"]
[Site "Montesilvano"]
[Date "2023.11.23"]
[Round "10.33"]
[White "Zhang, Brian"]
[Black "Vommaro, Stanislao"]
[Result "1-0"]
[ECO "B40"]
[WhiteElo "1867"]
[BlackElo "2083"]
[Annotator "NA RC"]
[PlyCount "143"]
[EventDate "2023.11.13"]
[EventType "swiss"]
[EventCountry "ITA"]
[SourceTitle "playchess.com"]
[Source "ChessBase"]
[SourceQuality "1"]
[TimeControl "40/5400+30:1800+30"]

1. e4 c5 2. Nf3 e6 3. c3 Nf6 4. e5 Nd5 5. d4 cxd4 6. cxd4 d6 7. a3 Nc6 8. Bd3 dxe5 9. dxe5 Qc7 10. O-O Be7 11. Qe2 Bd7 12. Bd2 f5 13. exf6 Bxf6 14. Bc4 O-O 15. Nc3 Nxc3 16. Bxc3 Bxc3 17. bxc3 Rae8 18. Rad1 Kh8 19. Rfe1 e5 20. Ng5 Bf5 21. Ne4 Bxe4 22. Qxe4 Qb6 23. Qe3 Qa5 24. Bd5 Qxa3 25. Bxc6 bxc6 26. Ra1 Qb2 27. Rxa7 Rf6 28. f3 e4 29. Qxe4 Ref8 30. Qd4 Rg6 31. g3 h6 32. Qe4 Qxc3 33. Qxg6 Qxe1+ 34. Kg2 Qe2+ 35. Kh3 Qe5 36. Qxc6 Rf5 37. Ra8+ Kh7 38. Qe4 Qxe4 39. fxe4 Re5 40. Ra4 h5 41. Kg2 Kg6 42. Kf3 Kf6 43. Ra6+ Kf7 44. Rd6 Ra5 45. Rd5 Ra3+ 46. Kf4 h4 47. Rh5 hxg3 48. hxg3 Ra1 49. Rb5 Rf1+ 50. Kg5 Re1 51. Rf5+ Ke6 52. Rf4 Re3 53. g4 Rg3 54. Rf5 Re3 55. Kg6 Rxe4 56. g5 Rd4 57. Rf7 Rd5 58. Rxg7 Rf5 59. Ra7 Rf1 60. Kg7 Rg1 61. g6 Kf5 62. Rf7+ Ke6 63. Rf2 Rg3 64. Kh7 Rh3+ 65. Kg8 Ke7 66. g7 Rh4 67. Re2+ Kd7 68. Re3 Rf4 69. Rg3 Ke7 70. Kh7 Rh4+ 71. Kg6 Rf4 72. g8=Q 1-0

[Event "FIDE WYCC Open U14 2023"]
[Site "Montesilvano"]
[Date "2023.11.23"]
[Round "10.34"]
[White "Kazantzoglou, Stefanos"]
[Black "Zhang, Kendrick Botong"]
[Result "1-0"]
[ECO "B23"]
[WhiteElo "2031"]
[BlackElo "1876"]
[Annotator "NA RC"]
[PlyCount "91"]
[EventDate "2023.11.13"]
[EventType "swiss"]
[EventCountry "ITA"]
[SourceTitle "playchess.com"]
[Source "ChessBase"]
[SourceQuality "1"]
[TimeControl "40/5400+30:1800+30"]

1. e4 c5 2. Nc3 e6 3. d4 cxd4 4. Qxd4 Nc6 5. Qe3 Nf6 6. Nf3 Bb4 7. Bd2 O-O 8. e5 Bxc3 9. Qxc3 Ne4 10. Qe3 Nxd2 11. Qxd2 Qc7 12. Qc3 Rd8 13. Bd3 d6 14. exd6 Qxd6 15. O-O-O Nb4 16. Bc4 Nd5 17. Qe5 Qxe5 18. Nxe5 f6 19. Nf3 Kf7 20. Rhe1 b6 21. Bxd5 Rxd5 22. Rxd5 exd5 23. Nd4 Bd7 24. Re3 Re8 25. Rxe8 Kxe8 26. b4 a6 27. Kd2 Ke7 28. Ke3 Kd6 29. f4 g6 30. Ne2 Bb5 31. Nc3 Bc4 32. Kd4 Kc6 33. a4 Kd6 34. Nd1 Ba2 35. Ne3 b5 36. a5 h5 37. g3 Kc6 38. g4 hxg4 39. Nxg4 g5 40. fxg5 fxg5 41. Ne5+ Kc7 42. Nf7 Bb1 43. Nxg5 Bxc2 44. Ne6+ Kd7 45. Nc5+ Kc6 46. Nxa6 1-0

[Event "FIDE WYCC Open U14 2023"]
[Site "Montesilvano"]
[Date "2023.11.23"]
[Round "10.35"]
[White "Besou, Hussain"]
[Black "Ahn, Maximilian"]
[Result "*"]
[WhiteElo "2341"]
[BlackElo "1813"]
[Annotator "RC"]
[PlyCount "54"]
[EventDate "2023.11.13"]
[EventType "swiss"]
[EventCountry "ITA"]
[SourceTitle "playchess.com"]
[Source "ChessBase"]
[SourceQuality "1"]
[TimeControl "40/5400+30:1800+30"]

1. e4 d6 2. d4 g6 3. c4 Bg7 4. Nc3 Nf6 5. h3 Nc6 6. d5 Ne5 7. f4 Ned7 8. g4 c6 9. Bg2 cxd5 10. cxd5 O-O 11. Be3 Nb6 12. Qb3 e6 13. O-O-O exd5 14. exd5 Bd7 15. Bd4 Qc7 16. Kb1 Nc4 17. Nge2 a5 18. Nb5 Bxb5 19. Qxb5 Rfc8 20. a4 Qd7 21. Nc3 Qc7 22. Qb3 Nd7 23. Nb5 Qd8 24. g5 Ndb6 25. Bxg7 Kxg7 26. h4 h5 27. Rhe1 Rc5 *

[Event "FIDE WYCC Open U14 2023"]
[Site "Montesilvano"]
[Date "2023.11.24"]
[Round "11.1"]
[White "Banh Gia Huy"]
[Black "Cieslak, Patryk"]
[Result "1/2-1/2"]
[ECO "B97"]
[WhiteElo "2397"]
[BlackElo "2284"]
[Annotator "RC"]
[PlyCount "100"]
[EventDate "2023.11.13"]
[EventType "swiss"]
[EventCountry "ITA"]
[SourceTitle "playchess.com"]
[Source "ChessBase"]
[SourceQuality "1"]
[TimeControl "40/5400+30:1800+30"]

1. e4 c5 2. Nf3 d6 3. d4 cxd4 4. Nxd4 Nf6 5. Nc3 a6 6. Bg5 e6 7. f4 Qb6 8. Qd2 Qxb2 9. Rb1 Qa3 10. e5 dxe5 11. fxe5 h6 12. Bh4 Nfd7 13. Ne4 Qxa2 14. Rd1 Qd5 15. Qe3 Qxe5 16. c3 Bc5 17. Bg3 Qd5 18. Bd6 Bxd6 19. Nb5 Qxd1+ 20. Kxd1 axb5 21. Nxd6+ Ke7 22. Nxb5 Rd8 23. Kc2 Kf8 24. Bc4 Nf6 25. g4 Bd7 26. g5 Bxb5 27. gxf6 Bxc4 28. Qc5+ Kg8 29. Qxc4 Nd7 30. fxg7 Ne5 31. Qb3 Rd5 32. Qxb7 Rda5 33. Rb1 Nc4 34. Kd3 Nd6 35. Qe7 Rd5+ 36. Kc2 Nf5 37. Qc7 Ne3+ 38. Kc1 Rd1+ 39. Kb2 Rd2+ 40. Kb3 Rdd8 41. Kb2 Rab8+ 42. Ka1 Ra8+ 43. Kb2 Rac8 44. Qf4 Rd2+ 45. Kb3 Rd3 46. Qxh6 Rdxc3+ 47. Ka4 Ra8+ 48. Kb5 Rb8+ 49. Ka4 Ra8+ 50. Kb5 Rb8+ 1/2-1/2

[Event "FIDE WYCC Open U14 2023"]
[Site "Montesilvano"]
[Date "2023.11.24"]
[Round "11.2"]
[White "Bharadia Yash"]
[Black "Mamedov, Edgar"]
[Result "1/2-1/2"]
[ECO "B33"]
[WhiteElo "2071"]
[BlackElo "2234"]
[Annotator "RC"]
[PlyCount "165"]
[EventDate "2023.11.13"]
[EventType "swiss"]
[EventCountry "ITA"]
[SourceTitle "playchess.com"]
[Source "ChessBase"]
[SourceQuality "1"]
[TimeControl "40/5400+30:1800+30"]

1. e4 c5 2. Nf3 Nc6 3. d4 cxd4 4. Nxd4 Nf6 5. Nc3 e5 6. Ndb5 d6 7. Bg5 a6 8. Na3 b5 9. Bxf6 gxf6 10. Nd5 f5 11. g3 fxe4 12. Bg2 Bg7 13. Bxe4 Be6 14. c3 O-O 15. Nc2 Rc8 16. O-O f5 17. Bg2 Kh8 18. a4 bxa4 19. Rxa4 a5 20. Nce3 Rb8 21. Qe2 Qd7 22. Rh4 Qf7 23. Rd1 Ne7 24. Nc7 Ng6 25. Nxe6 Qxe6 26. Bd5 Qf6 27. Rh5 Ne7 28. Nc4 e4 29. Nxd6 Qxd6 30. Rxh7+ Kxh7 31. Bg8+ Nxg8 32. Rxd6 Nf6 33. Ra6 Ng4 34. Rxa5 Ne5 35. Kg2 Rbd8 36. Qh5+ Kg8 37. Ra7 Rd6 38. Ra5 Rh6 39. Qd1 Nf3 40. h4 Kh7 41. Qd7 Rhf6 42. Ra7 Rg6 43. Qe7 Kh6 44. h5 Rg5 45. Qe6+ Kxh5 46. Ra1 Nh4+ 47. Kf1 Nf3 48. Ke2 Rb8 49. Rh1+ Kg4 50. Qd6 Rxb2+ 51. Ke3 Bd4+ 52. cxd4 Rb3+ 53. Ke2 Rb2+ 54. Kf1 Rb1+ 55. Kg2 Rxh1 56. Qf4+ Kh5 57. Kxh1 Nxd4 58. Qc7 Nf3 59. Qh7+ Kg4 60. Kg2 Ne1+ 61. Kf1 Nf3 62. Qf7 Rh5 63. Qg6+ Rg5 64. Qd6 Kh5 65. Ke2 Kg4 66. Ke3 Kh3 67. Qh6+ Kg2 68. Qh7 Ng1 69. Qh6 Nf3 70. Qb6 Rg4 71. Qa7 Rg5 72. Kf4 Kf1 73. g4 Rxg4+ 74. Kxf5 Rh4 75. Qe3 Kg2 76. Ke6 Rh1 77. Kd5 Rd1+ 78. Kc4 Re1 79. Qb6 Rd1 80. Qa7 Rd4+ 81. Qxd4 Nxd4 82. Kxd4 Kxf2 83. Kxe4 1/2-1/2

[Event "FIDE WYCC Open U14 2023"]
[Site "Montesilvano"]
[Date "2023.11.24"]
[Round "11.3"]
[White "Pham Tran Gia Phuc"]
[Black "Uskov, Artem"]
[Result "1/2-1/2"]
[ECO "D02"]
[WhiteElo "2386"]
[BlackElo "2380"]
[Annotator "RC"]
[PlyCount "107"]
[EventDate "2023.11.13"]
[EventType "swiss"]
[EventCountry "ITA"]
[SourceTitle "playchess.com"]
[Source "ChessBase"]
[SourceQuality "1"]
[TimeControl "40/5400+30:1800+30"]

1. d4 Nf6 2. Bf4 d5 3. Nf3 c5 4. e3 Nc6 5. Nbd2 e6 6. c3 Nh5 7. Bg5 f6 8. Bh4 g6 9. Be2 Ng7 10. O-O Nf5 11. Bg3 Kf7 12. dxc5 Bxc5 13. b4 Be7 14. Qb3 Nxg3 15. hxg3 Kg7 16. e4 dxe4 17. Nxe4 e5 18. Bc4 Bf5 19. Bd5 Qc7 20. a3 Rhd8 21. Rfe1 Rab8 22. c4 Bg4 23. Nc3 a6 24. Qa2 Bf8 25. c5 Ne7 26. Be6 Bxf3 27. gxf3 Qc6 28. Ne4 Nf5 29. Bg8 Rd7 30. Be6 Rdd8 31. Bg8 Rd7 32. Be6 Rdd8 33. Bg8 Qe8 34. Bd5 Nd4 35. Kg2 Be7 36. Rad1 Qd7 37. Nc3 b6 38. cxb6 Rxb6 39. f4 Rd6 40. fxe5 fxe5 41. Be4 Bg5 42. Ne2 Nf3 43. Bxf3 Rxd1 44. Rxd1 Qxd1 45. Nf4 Rd2 46. Qe6 Qe1 47. Nh3 Bf6 48. Bd5 Rd1 49. Kh2 e4 50. Qf7+ Kh6 51. Qf8+ Kh5 52. g4+ Kxg4 53. Be6+ Kh5 54. Nf4+ 1/2-1/2

[Event "FIDE WYCC Open U14 2023"]
[Site "Montesilvano"]
[Date "2023.11.24"]
[Round "11.4"]
[White "Vetokhin, Savva"]
[Black "Rustamov, Rustam"]
[Result "1/2-1/2"]
[ECO "D38"]
[WhiteElo "2403"]
[BlackElo "2229"]
[Annotator "RC"]
[PlyCount "106"]
[EventDate "2023.11.13"]
[EventType "swiss"]
[EventCountry "ITA"]
[SourceTitle "playchess.com"]
[Source "ChessBase"]
[SourceQuality "1"]
[TimeControl "40/5400+30:1800+30"]

1. d4 Nf6 2. c4 e6 3. Nf3 d5 4. Nc3 Bb4 5. Bg5 h6 6. Bxf6 Qxf6 7. e3 O-O 8. Rc1 dxc4 9. Bxc4 c5 10. O-O cxd4 11. Ne4 Qf5 12. Ng3 Qa5 13. exd4 Nc6 14. Qe2 Bd7 15. Rcd1 Rad8 16. a3 Bd6 17. Ne4 Qc7 18. Bd3 Rfe8 19. Rfe1 Ne7 20. Nxd6 Qxd6 21. Ne5 Ba4 22. Rd2 Nf5 23. Bxf5 exf5 24. Qc4 Bd7 25. Qxf7+ Kh7 26. Red1 Re7 27. Nc4 Qe6 28. Qxe6 Bxe6 29. Re1 Rc7 30. Ne5 Bd5 31. f3 a5 32. Nd3 Bb3 33. Nf4 Rcd7 34. d5 g5 35. Rd3 a4 36. Ne6 Rxd5 37. Rxb3 axb3 38. Nxd8 Rxd8 39. Re3 Rd1+ 40. Kf2 Rd2+ 41. Re2 Rd1 42. Kg3 Rb1 43. Rd2 Kg6 44. f4 Kh5 45. Rf2 Kg6 46. Kf3 Re1 47. fxg5 hxg5 48. Rd2 g4+ 49. Kf2 Rh1 50. Rd6+ Kg5 51. Rb6 Rc1 52. Rxb3 Rc2+ 53. Kf1 Rc1+ 1/2-1/2

[Event "FIDE WYCC Open U14 2023"]
[Site "Montesilvano"]
[Date "2023.11.24"]
[Round "11.5"]
[White "Haug, Havard"]
[Black "Agasarov, Benik"]
[Result "0-1"]
[ECO "B12"]
[WhiteElo "2223"]
[BlackElo "2360"]
[Annotator "RC"]
[PlyCount "56"]
[EventDate "2023.11.13"]
[EventType "swiss"]
[EventCountry "ITA"]
[SourceTitle "playchess.com"]
[Source "ChessBase"]
[SourceQuality "1"]
[TimeControl "40/5400+30:1800+30"]

1. e4 c6 2. d4 d5 3. e5 Bf5 4. h4 h6 5. Bd3 Bxd3 6. Qxd3 e6 7. Nd2 c5 8. dxc5 Nd7 9. Ngf3 Bxc5 10. c4 Ne7 11. O-O O-O 12. cxd5 Nxd5 13. Qe4 f5 14. exf6 Qxf6 15. Re1 Nf4 16. Nb3 Nh3+ 17. gxh3 Qxf3 18. Qxf3 Rxf3 19. Nxc5 Nxc5 20. Kg2 Raf8 21. Be3 Nd3 22. Re2 R3f5 23. Rd1 Rd5 24. Red2 Rfd8 25. Kf1 Nxb2 26. Rxd5 exd5 27. Rb1 Nc4 28. Bxa7 Nd2+ 0-1

[Event "FIDE WYCC Open U14 2023"]
[Site "Montesilvano"]
[Date "2023.11.24"]
[Round "11.6"]
[White "Dhruva Thota"]
[Black "Daakshin Arun"]
[Result "1/2-1/2"]
[ECO "B96"]
[WhiteElo "2192"]
[BlackElo "2342"]
[Annotator "RC"]
[PlyCount "85"]
[EventDate "2023.11.13"]
[EventType "swiss"]
[EventCountry "ITA"]
[SourceTitle "playchess.com"]
[Source "ChessBase"]
[SourceQuality "1"]
[TimeControl "40/5400+30:1800+30"]

1. e4 c5 2. Nf3 d6 3. Nc3 Nf6 4. d4 cxd4 5. Nxd4 a6 6. Bg5 e6 7. f4 h6 8. Bh4 Nbd7 9. Qf3 e5 10. Nb3 exf4 11. Bf2 g5 12. h3 Ne5 13. Qe2 Qc7 14. Nd4 Bg7 15. g3 fxg3 16. Bxg3 h5 17. O-O-O h4 18. Bh2 g4 19. Nf5 Bxf5 20. Bxe5 dxe5 21. exf5 g3 22. Nd5 Nxd5 23. Rxd5 Bf6 24. Bg2 Ke7 25. Qd2 Rhd8 26. Qb4+ Ke8 27. a4 Rxd5 28. Bxd5 Rd8 29. Rd1 b6 30. Rd3 Qc5 31. Qxc5 bxc5 32. Bc6+ Ke7 33. Rxd8 Kxd8 34. Kd2 e4 35. Bxe4 Bxb2 36. Ke2 Kc7 37. Bd5 Kd6 38. Bxf7 Ke5 39. Bc4 a5 40. f6 Kxf6 41. Kf3 Ke5 42. Bb5 Kd4 43. c4 1/2-1/2

[Event "FIDE WYCC Open U14 2023"]
[Site "Montesilvano"]
[Date "2023.11.24"]
[Round "11.7"]
[White "Arca, Christian Gian Karlo"]
[Black "Prokhorov, Aleksey"]
[Result "1/2-1/2"]
[ECO "A45"]
[WhiteElo "2347"]
[BlackElo "1869"]
[Annotator "RC"]
[PlyCount "80"]
[EventDate "2023.11.13"]
[EventType "swiss"]
[EventCountry "ITA"]
[SourceTitle "playchess.com"]
[Source "ChessBase"]
[SourceQuality "1"]
[TimeControl "40/5400+30:1800+30"]

1. d4 Nf6 2. Bf4 g6 3. Nc3 d5 4. Nb5 Na6 5. e3 Bg7 6. Be2 O-O 7. h3 c5 8. c3 Bd7 9. a4 c4 10. Nf3 Qb6 11. b3 Bxb5 12. axb5 Qxb5 13. bxc4 dxc4 14. Ne5 Rac8 15. O-O Nd5 16. Rb1 Qe8 17. Rxb7 Nxc3 18. Qd2 Bxe5 19. Bxe5 Nxe2+ 20. Qxe2 Qc6 21. Rxe7 Nb4 22. e4 Rfe8 23. d5 Qc5 24. Rxe8+ Rxe8 25. Ba1 c3 26. Rc1 Nxd5 27. Qf3 Qa3 28. Rf1 Nb6 29. Bxc3 Rc8 30. Bd4 Qxf3 31. gxf3 Nc4 32. Ra1 Nd2 33. Ra3 a5 34. Kg2 Nc4 35. Ra4 Kf8 36. Bc3 Ne3+ 37. fxe3 Rxc3 38. Rxa5 Rxe3 39. Ra8+ Kg7 40. Kg3 h5 1/2-1/2

[Event "FIDE WYCC Open U14 2023"]
[Site "Montesilvano"]
[Date "2023.11.24"]
[Round "11.8"]
[White "Tabuenca Mendataurigoitia, Daniel"]
[Black "Hobson, Kenneth"]
[Result "1-0"]
[ECO "C68"]
[WhiteElo "2383"]
[BlackElo "2142"]
[Annotator "RC"]
[PlyCount "117"]
[EventDate "2023.11.13"]
[EventType "swiss"]
[EventCountry "ITA"]
[SourceTitle "playchess.com"]
[Source "ChessBase"]
[SourceQuality "1"]
[TimeControl "40/5400+30:1800+30"]

1. e4 e5 2. Nf3 Nc6 3. Bb5 a6 4. Bxc6 dxc6 5. O-O Bg4 6. h3 h5 7. d3 Qf6 8. Nbd2 Ne7 9. Nc4 Bxf3 10. Qxf3 Qxf3 11. gxf3 Ng6 12. Be3 O-O-O 13. Rfb1 Bd6 14. Kf1 Rhf8 15. Ke2 Ne7 16. Rg1 g6 17. a4 b6 18. c3 c5 19. Bh6 Rfe8 20. Bg5 Kd7 21. f4 Ke6 22. fxe5 Bxe5 23. Ke3 Bg7 24. Rad1 b5 25. axb5 axb5 26. Na5 Kd7 27. Nb7 Ra8 28. Nxc5+ Kc6 29. Bxe7 Rxe7 30. d4 Ree8 31. Ra1 g5 32. Kd3 f6 33. b4 Bf8 34. Nb3 Bd6 35. f3 Bf4 36. c4 bxc4+ 37. Kxc4 Bd6 38. b5+ Kb6 39. Nc5 Bxc5 40. dxc5+ Kb7 41. Rgd1 Rxa1 42. Rxa1 g4 43. hxg4 hxg4 44. Kd4 gxf3 45. Rf1 Rd8+ 46. Ke3 Re8 47. Rxf3 Re6 48. Kd4 c6 49. b6 Kb8 50. Rh3 Re7 51. Rh6 Re6 52. Rh8+ Kb7 53. Rh7+ Kb8 54. Rc7 Ka8 55. Rd7 f5 56. exf5 Re1 57. Rc7 Rd1+ 58. Ke4 Re1+ 59. Kf4 1-0